 Dungeon Crawl Stone Soup version 0.26-a0-70-g31f1466007 (webtiles) character file.

Game seed: 5069892253962731497

40 vurker the Chopper (level 3, -6/28 HPs)
             Began as a Demonspawn Skald on June 13, 2020.
             Killed by divine providence
             ... invoked by an orc priest
              (15 damage)
             ... on level 2 of the Dungeon.
             The game lasted 00:01:50 (941 turns).

vurker the Chopper (Demonspawn Skald)                Turns: 941, Time: 00:01:50

Health: -6/28      AC:  6    Str: 12    XL:     3   Next: 30%
Magic:  6/6        EV: 14    Int: 14    God:
Gold:   27         SH:  4    Dex: 12    Spells: 5/6 levels left

rFire    . . .     SeeInvis .   a - +0 hand axe
rCold    . . .     Gourm    .   (no shield)
rNeg     . . .     Faith    .   f - +0 scale mail
rPois    .         Spirit   .   (no helmet)
rElec    .         Reflect  .   (no cloak)
rCorr    .         Harm     .   (no gloves)
MR       .....                  (no boots)
Stlth    ..........             (no amulet)
HPRegen  0.09/turn              (no ring)
MPRegen  0.10/turn              (no ring)

@: agile
A: large bone plates 1, powered by pain 1
a: no special abilities


You were on level 2 of the Dungeon.
You were not hungry.

You visited 1 branch of the dungeon, and saw 2 of its levels.

You collected 27 gold pieces.

Inventory:

Hand Weapons
 a - a +0 hand axe (weapon)
Armour
 b - a +0 pair of gloves
   (You found it on level 1 of the Dungeon)
 f - a +0 scale mail (worn)
   (You found it on level 1 of the Dungeon)
Scrolls
 d - a scroll of identify {unknown}
Potions
 g - a potion of curing {unknown}
Comestibles
 e - 2 rations


   Skills:
 + Level 2.6 Fighting
 * Level 3.0 Axes
 - Level 0.8 Armour
 - Level 1.7 Dodging
 - Level 2.0 Spellcasting
 - Level 2.6 Charms


You had 5 spell levels left.
You knew the following spells:

 Your Spells              Type           Power        Failure   Level  Hunger
a - Infusion              Chrm           #...         38%         1    ##.....

Your spell library contained the following spells:

 Spells                   Type           Power        Failure   Level  Hunger
 Song of Slaying          Chrm           #.......     54%         2    ###....
 Shroud of Golubria       Chrm/Tloc      #.....       73%         2    ###....
 Ozocubu's Armour         Chrm/Ice       #.......     91%         3    ####...
 Spectral Weapon          Hex/Chrm       #.......     91%         3    ####...


Dungeon Overview and Level Annotations

Branches:
Dungeon (2/15)

Altars:


Innate Abilities, Weirdness & Mutations

You are partially covered in large bone plates. (SH +4)
You sometimes gain a little power by taking damage.


Message History

No target in view!
Things that are here:
a +0 whip; a kobold corpse You see here a +0 club.
You see here a +0 leather armour.
All of the chunks of flesh in your inventory have rotted away.
You see here a short sword.
You see here a +0 club.
Done exploring.
Done exploring.
Done exploring.
Done exploring.
Done exploring.
You see here a +0 club.
You see here a short sword.
There is a stone staircase leading down here.
Search for what [? for help]? ego Can't find anything matching that.
Unknown command.
You climb downwards.
There is a stone staircase leading up here.
Found 17 stones.
You see here 17 stones.
An orc priest comes into view. It is wielding a +0 falchion.
An orc priest is nearby!
An orc priest is nearby!
You see here 17 stones.
The orc priest hits you with a +0 falchion.
You barely miss the orc priest.
The orc priest mumbles some strange prayers to Beogh against you.
Pain shoots through your body!
* * * LOW HITPOINT WARNING * * *
You focus on the pain.
You feel agile all of a sudden.
Unknown command.
You hit the orc priest but do no damage.
The orc priest hits you but does no damage.
Your scale mail prevents you from hitting the orc priest.
You block the orc priest's attack.
You closely miss the orc priest.
The orc priest miscasts a cantrip.
You closely miss the orc priest. The orc priest completely misses you.
You hit the orc priest but do no damage.
The orc priest hits you with a +0 falchion.
* * * LOW HITPOINT WARNING * * *
You closely miss the orc priest.
The orc priest invokes the aid of Beogh against you.
Beogh smites you!
Ouch! That really hurt!
You die...

#####
#...#
#.#.#
#.#.#
#.#.#
####.#.#
#.@(.#.#
#o####.#
#.#.<#.#
#.#..#.#
#.#.##.#
#.#....#
#.######
#.


You could see an orc priest.

Vanquished Creatures
  A gnoll (D:1)
  An ooze (D:1)
  A dart slug (D:1)
  2 giant cockroaches (D:1)
  2 goblins (D:1)
  4 hobgoblins (D:1)
  2 jackals (D:1)
  2 bats (D:1)
  2 frilled lizards (D:1)
  5 kobolds (D:1)
  5 rats (D:1)
27 creatures vanquished.

Notes
Turn   | Place    | Note
-------+----------+-------------------------------------------
     0 | D:1      | vurker the Demonspawn Skald began the quest for the Orb.
     0 | D:1      | Reached XP level 1. HP: 16/16 MP: 3/3
    71 | D:1      | Reached skill level 2 in Axes
   175 | D:1      | Gained mutation: You are partially covered in large bone
                  | plates. (SH +4) [demonic ancestry]
   175 | D:1      | Reached XP level 2. HP: 20/22 MP: 5/5
   567 | D:1      | Gained mutation: You sometimes gain a little power by
                  | taking damage. [demonic ancestry]
   567 | D:1      | Reached XP level 3. HP: 27/28 MP: 6/6
   622 | D:1      | Reached skill level 3 in Axes
   941 | D:2      | Killed from afar by an orc priest

Illustrated notes

Levels and vault maps discovered:
D:1:      psy_arrival_whirlpool, layout_loops_cross
D:2:      layout_basic, lemuel_round_altar, lemuel_round_altar, minivault_26

Skill      XL: |  1  2  3 |
---------------+----------+-----
Axes           | 2 3 |  3.0
Fighting       | |  2.6
Armour         | |  0.8
Dodging        | |  1.7
Spellcasting   | |  2.0
Charms         | |  2.6

Action                   || total
-------------------------++-------
Melee: Hand axe          ||    94
Armor: Leather armour    ||     3
       Scale mail        ||    26
Dodge: Dodged            ||    42
Block: Other             ||    15

Table legend:
 A = Non-vault XP
 B = Vault XP
 C = Vault XP percentage of total XP
 D = Non-vault monster count
 E = Vault monster count
 F = Vault count percentage of total count
                 A         B        C        D         E       F
            +---------+---------+-------+---------+---------+-------
      Total |      58 |       0 |   0.0 |      27 |       0 |   0.0
            +---------+---------+-------+---------+---------+-------
        D:1 |      58 |       0 |   0.0 |      27 |       0 |   0.0
            +---------+---------+-------+---------+---------+-------
